Map: Wolfe Industries Compound

Players

JohnMcClane

  • Race: Zerg Zerg
  • League: Silver
  • Spawn Location: 7:00

Hindulaatti

  • Race: Protoss Protoss
  • Spawn Location: 7:00

Goldi

  • Race: Zerg Zerg
  • Spawn Location: 3:00

llllllllllll

  • Race: Terran Terran
  • Spawn Location: 12:00

VOD

Have the link to the VOD?

Description

Time

  • Played on: Feb. 2, 2016, 6:31 a.m.
  • Length: 9:00
Show
View Real Time Build Order
Export as new Build Order

JohnMcClane Zerg 

Build Orders: 3 Hatch before Pool 

Get SALT Encoding   

  12  0:03  Drone  
  13  0:09  Drone  
  14  0:19  Overlord  
  14  0:22  Extractor  
  14  0:24  Drone  
  15  0:39  Drone x2  
  17  0:47  Drone  
  18  0:58  Hatchery  
  18  1:03  Drone  
  18  1:07  Extractor  
  18  1:09  Drone  
  18  1:26  Hatchery  
  17  1:38  Spawning Pool  
  16  1:44  Drone  
  17  1:50  Drone x2  
  19  2:02  Overlord  
  19  2:08  Drone  
  20  2:24  Metabolic Boost  
  20  2:25  Queen  
  22  2:35  Zergling x8  
  22  2:36  Zergling x2  
  27  2:41  Zergling x4  
  29  2:53  Queen  
  31  2:58  Overlord  
  31  3:01  Zergling x4  
  32  3:18  Spine Crawler  
  29  3:20  Spine Crawler  
  29  3:21  Evolution Chamber  
  29  3:26  Spine Crawler  
  26  3:28  Extractor x2  
  24  3:36  Drone  
  20  3:55  Zergling x20  
  27  3:56  Zergling x2  
  23  4:18  Drone x6  
  29  4:39  Drone x3  
  32  5:04  Drone x5  
  32  5:05  Drone  
  38  5:08  Spore Crawler  
  37  5:14  Spore Crawler  
  37  5:17  Drone  
  37  5:31  Spore Crawler  
  37  5:34  Spore Crawler  
  35  5:39  Drone x2  
  35  5:40  Baneling Nest  
  36  5:50  Drone x4  
  35  6:11  Drone x6  
  35  6:33  Drone x7  
  40  6:45  Extractor  
  39  6:52  Drone x7  
  40  7:11  Spore Crawler  
  39  7:16  Zergling x18  
  48  7:29  Spore Crawler  
  45  7:35  Baneling x9  
  45  7:37  Overlord x2  
  45  7:43  Overlord x2  
  45  7:44  Baneling x2  
  45  7:54  Extractor  
  45  7:57  Lair  
  42  8:13  Zergling x2  
  42  8:14  Zergling x14  
  46  8:29  Zergling x4  
  46  8:32  Spore Crawler  
Show
View Real Time Build Order
Export as new Build Order

Hindulaatti Protoss 

Build Orders: 1 Gate Expand 

Get SALT Encoding   

  12  0:01  Probe (Chrono Boost)  
  13  0:11  Probe (Chrono Boost)  
  14  0:17  Pylon  
  14  0:22  Probe (Chrono Boost)  
  16  0:35  Probe (Chrono Boost)  
  16  0:39  Gateway  
  16  0:48  Probe (Chrono Boost)  
  17  0:54  Assimilator  
  17  1:00  Probe (Chrono Boost)  
  18  1:10  Probe (Chrono Boost)  
  19  1:22  Probe (Chrono Boost)  
  20  1:28  Nexus  
  20  1:34  Cybernetics Core  
  21  1:40  Probe (Chrono Boost)  
  21  1:44  Pylon  
  21  1:51  Probe (Chrono Boost)  
  22  2:03  Probe (Chrono Boost)  
  23  2:14  Stalker, Probe (Chrono Boost)  
  26  2:17  Gateway  
  26  2:23  Gateway  
  26  2:27  Warp Gate (Chrono Boost)  
  26  2:30  Assimilator  
  26  2:39  Probe x2  
  28  2:49  Stalker  
  28  2:50  Probe  
  30  2:51  Probe  
  32  3:00  Probe  
  32  3:03  Mothership Core  
  32  3:05  Stalker  
  37  3:09  Pylon  
  37  3:14  Stalker  
  39  3:35  Stalker x2  
  45  3:56  Probe  
  45  3:57  Probe  
  45  3:59  Gateway  
  45  4:01  Gateway  
  35  4:40  Stalker x2  
  35  4:41  Probe, Stalker  
  35  4:42  Probe  
  43  4:52  Probe  
  43  4:55  Probe  
  43  4:59  Stalker  
  45  5:00  Stalker  
  45  5:02  Probe  
  49  5:07  Probe  
  49  5:13  Stalker, Stargate, Probe  
  49  5:14  Stalker  
  54  5:22  Pylon  
  54  5:29  Pylon  
  54  5:32  Pylon  
  54  5:40  Probe, Stalker x3  
  54  5:41  Probe  
  54  5:42  Pylon x2  
  62  5:52  Probe  
  62  5:56  Probe  
  62  6:04  Probe  
  62  6:06  Void Ray  
  65  6:30  Stalker x2  
  65  6:42  Probe  
  65  6:43  Probe  
  65  6:46  Assimilator  
  65  6:47  Assimilator  
  63  6:59  Stalker x3  
  69  7:08  Zealot  
  71  7:09  Zealot  
  73  7:17  Gateway  
  73  7:19  Gateway  
  73  7:20  Robotics Facility, Forge, Gateway  
  73  7:24  Stalker  
  75  7:44  Sentry x2  
  75  7:46  Zealot x2  
  75  7:49  Zealot  
  73  8:08  Stalker x4  
  75  8:45  Zealot  
  75  8:47  Zealot  
Show
View Real Time Build Order
Export as new Build Order

Goldi Zerg 

Build Orders: Hatch First, Lurkers, Zergling Baneling 

Get SALT Encoding   

  12  0:01  Drone  
  13  0:12  Overlord  
  13  0:18  Drone  
  14  0:31  Drone x2  
  16  0:36  Drone  
  17  0:55  Hatchery, Extractor  
  15  1:07  Spawning Pool  
  15  1:10  Drone  
  15  1:14  Drone  
  16  1:21  Drone  
  16  1:22  Drone  
  18  1:32  Drone  
  19  1:43  Drone  
  20  1:58  Metabolic Boost, Queen  
  22  2:09  Queen  
  22  2:13  Zergling x2  
  25  2:21  Zergling x6  
  28  2:36  Baneling Nest  
  27  2:38  Zergling x2  
  27  2:40  Overlord  
  27  2:43  Overlord  
  28  3:03  Zergling x12  
  34  3:17  Zergling x4  
  36  3:20  Baneling x6  
  36  3:33  Overlord x2  
  32  3:51  Zergling x2  
  32  3:52  Zergling x10  
  30  4:05  Zergling x14  
  36  4:15  Zergling x2  
  37  4:19  Lair  
  37  4:20  Drone x2  
  37  4:22  Extractor  
  38  4:28  Drone  
  36  4:37  Baneling x4  
  35  4:41  Spine Crawler  
  35  4:45  Spine Crawler  
  33  4:46  Drone  
  33  4:47  Drone x7  
  41  5:04  Drone x2  
  41  5:05  Drone  
  44  5:08  Extractor  
  44  5:09  Drone, Extractor  
  43  5:18  Hydralisk Den  
  43  5:20  Drone x4  
  43  5:21  Drone  
  47  5:22  Drone  
  47  5:23  Drone  
  47  5:27  Drone  
  50  5:29  Drone  
  51  5:39  Overlord x2  
  51  5:57  Lurker Den  
  51  5:59  Hydralisk x4  
  59  6:13  Overlord x2  
  59  6:14  Overlord  
  56  6:28  Hydralisk x2  
  56  6:38  Zergling x4  
  56  6:39  Zergling x4, Hydralisk x3  
  60  6:41  Extractor  
  63  6:51  Drone  
  64  6:59  Evolution Chamber  
  64  7:00  Hatchery  
  62  7:21  Drone x3  
  65  7:26  Lurker x3  
  65  7:27  Lurker  
  65  7:28  Lurker x2  
  71  7:33  Zergling x18  
  80  7:40  Muscular Augments  
  80  7:46  Overlord  
  80  7:47  Overlord  
  80  7:49  Drone  
  80  7:50  Drone x3  
  82  8:23  Hydralisk x3  
  82  8:24  Hydralisk x3  
  82  8:25  Zergling x10  
  88  8:42  Lurker x3  
  88  8:44  Drone  
  88  8:45  Drone x5  
  88  8:48  Extractor  
  96  8:49  Extractor  
  98  8:56  Roach Warren  
Show
View Real Time Build Order
Export as new Build Order

llllllllllll Terran 

Build Orders: 1/1/1, Liberator Opening 

Get SALT Encoding   

  12  0:24  SCV  
  13  0:30  Supply Depot  
  13  0:36  SCV  
  13  0:38  Refinery  
  14  0:48  SCV  
  15  0:52  Barracks  
  15  1:00  SCV  
  15  1:02  Refinery  
  16  1:12  SCV  
  17  1:24  SCV  
  18  1:39  Orbital Command, Factory  
  18  1:41  Barracks Reactor  
  18  1:45  Supply Depot  
  18  2:07  Supply Depot  
  18  2:23  Barracks Reactor  
  18  2:24  Starport  
  18  2:29  Hellion x2  
  22  2:33  SCV  
  23  2:49  Liberator x2  
  23  2:50  Hellion x2  
  27  3:11  Hellion  
  27  3:12  Hellion  
  37  3:21  Command Center  
  37  3:32  SCV  
  37  3:33  Barracks Tech Lab  
  38  3:35  Supply Depot  
  38  3:44  SCV  
  39  3:56  SCV  
  40  4:04  Stimpack  
  40  4:08  SCV  
  35  4:13  Barracks  
  35  4:15  Barracks  
  31  4:17  Marauder  
  31  4:31  Starport Reactor  
  31  4:33  SCV  
  32  4:40  Marauder  
  32  4:45  Orbital Command  
  34  4:51  Widow Mine  
  36  4:55  SCV  
  37  5:02  Marauder  
  39  5:07  Marine x2  
  39  5:08  Medivac, Marine x2  
  39  5:11  SCV x2  
  47  5:25  Marauder, Marine x3  
  47  5:26  Marine  
  53  5:28  SCV x2  
  55  5:40  SCV x2  
  55  5:41  Supply Depot  
  57  5:52  Marauder, Marine x2  
  57  5:53  Marine x2  
  63  6:00  Medivac x2  
  67  6:07  Engineering Bay, SCV x2  
  67  6:08  Engineering Bay  
  69  6:13  Marine  
  69  6:17  Barracks  
  69  6:18  Barracks  
  70  6:30  Medivac x2  
  71  6:33  Marauder, Marine x4  
  77  6:41  SCV  
  78  6:51  SCV  
  78  6:53  SCV  
  77  6:56  Marine  
  78  7:01  Supply Depot  
  78  7:02  Marine x3  
  78  7:03  Supply Depot, SCV, Marauder  
  84  7:11  Refinery  
  84  7:15  Refinery  
  84  7:28  Marine x2  
  84  7:29  Barracks Tech Lab, Marine x2  
  88  7:30  Barracks Tech Lab  
  88  7:40  Command Center  
  88  7:49  Concussive Shells  
  88  7:50  Marauder  
  83  8:10  Marauder x2, Marine x3  
  83  8:11  Marine  
  83  8:12  Marauder  
  87  8:28  Marine x4  
  87  8:32  Marauder x2  
  87  8:33  Marauder  
  97  8:42  Armory  
Tags
 
Add a new tag
Caveats
  • Supply blocks, unpowered buildings, or Contaminate may cause inaccurate times.
  • Supply counts are checked every 10 seconds.